 Dungeon Crawl Stone Soup version 0.29.1-2-gbd0b4ee654 (webtiles) character file.

Game seed: 12423422207872847614

74 safid the Shooter (level 4, -4/40 HPs)
             Began as a Minotaur Hunter on Nov 21, 2022.
             Slain by a worm (9 damage)
             ... on level 2 of the Dungeon.
             The game lasted 00:01:50 (1011 turns).

safid the Shooter (Minotaur Hunter)                 Turns: 1011, Time: 00:01:50

Health: -4/40      AC:  3    Str: 16    XL:     4   Next: 9%
Magic:  3/3        EV: 12    Int:  6    God:
Gold:   24         SH:  0    Dex: 15    Spells: 3/3 levels left

rFire   . . .      SeeInvis .   a - +0 shortbow
rCold   . . .      Faith    .   (shield currently unavailable)
rNeg    . . .      Spirit   .   c - +0 leather armour
rPois   .          Reflect  .   (helmet restricted)
rElec   .          Harm     .   (no cloak)
rCorr   .          Rampage  .   (no gloves)
Will    .....                   (no boots)
Stlth   +.........              (no amulet)
HPRegen 0.13/turn               (no ring)
MPRegen 0.08/turn               (no ring)

@: no status effects
A: horns 2, retaliatory headbutt
a: no special abilities


You were on level 2 of the Dungeon.
You visited 1 branch of the dungeon, and saw 2 of its levels.

You collected 24 gold pieces.

Inventory:

Hand Weapons
 a - a +0 shortbow (weapon)
Armour
 c - a +0 leather armour (worn)
Jewellery
 e - a ring of positive energy
Scrolls
 b - a scroll of immolation
 d - a scroll of fear {unknown}
 h - a scroll of identify {unknown}
 k - a scroll of poison {unknown}
Potions
 f - a potion of degeneration {unknown}
 g - 3 potions of magic {unknown}
 i - a potion of heal wounds {unknown}
 j - a potion of curing {unknown}


   Skills:
 + Level 4.1 Fighting
 + Level 5.4 Ranged Weapons
 - Level 2.1 Dodging
 - Level 0.7 Stealth


You had 3 spell levels left.
You didn't know any spells.
Your spell library was empty.

Dungeon Overview and Level Annotations

Branches:
Dungeon (2/15)

Altars:


Innate Abilities, Weirdness & Mutations

You have a pair of horns on your head.
You reflexively headbutt those who attack you in melee.


Message History

The goblin hits you with a +0 dagger.
Fire: a) +0 shortbow
Press: ? - help, Q - select action Shift-Dir - straight line, f - goblin
Aim: a goblin, wielding a +0 dagger (strong, 56% to hit)
You shoot an arrow. The arrow misses the goblin.
Robin barely misses you. The goblin hits you but does no damage.
Unknown command.
Fire: a) +0 shortbow
Press: ? - help, Q - select action Shift-Dir - straight line, f/p - goblin
Aim: a goblin, wielding a +0 dagger (strong, 56% to hit)
You shoot an arrow. The arrow hits the goblin!
You kill the goblin!
Robin says, "My goblins will feast on your bones."
Robin roars a battlecry!
The hobgoblin goes into a battle-frenzy!
Fire: a) +0 shortbow
Press: ? - help, Q - select action Shift-Dir - straight line, f - worm
Aim: a worm (80% to hit)
You shoot an arrow. The arrow barely misses the worm.
The arrow hits Robin!
Robin is heavily wounded.
Robin barely misses you. The worm bites you but does no damage.
Robin throws the goblin at you!
Fire: a) +0 shortbow
Press: ? - help, Q - select action Shift-Dir - straight line, f/p - worm
Aim: a worm (80% to hit)
You shoot an arrow. The arrow barely misses the worm.
The arrow hits Robin.
Robin is severely wounded.
The goblin unwields a +0 sling.
The goblin wields a +0 club.
The goblin hits you with a +0 club.
* * * LOW HITPOINT WARNING * * *
Robin misses you.
Fire: a) +0 shortbow
Press: ? - help, Q - select action Shift-Dir - straight line, f/p - worm
Aim: a worm (80% to hit)
You shoot an arrow. The arrow barely misses the worm.
The arrow hits Robin!
You kill Robin!
The goblin hits you with a +0 club.
* * * LOW HITPOINT WARNING * * *
The worm bites you!
You die...

# #. #..
#[..##################
+..)w@g...............
#..g####..############
..'.. ##.# ##'. #.#
... #.# .. #.# . #.#
#.. #


You could see a worm, a hobgoblin (strong) and a goblin (strong).

Vanquished Creatures
  Natasha (D:2)
  Robin (D:2)
  A dart slug (D:1)
  A ball python (D:1)
  3 endoplasms
  13 goblins
  2 hobgoblins
  5 quokkas
  4 bats
  3 frilled lizards
  5 kobolds (D:1)
  4 rats
43 creatures vanquished.

Notes
Turn   | Place    | Note
-------+----------+-------------------------------------------
     0 | D:1      | safid the Minotaur Hunter began the quest for the Orb.
     0 | D:1      | Reached XP level 1. HP: 18/18 MP: 0/0
   211 | D:1      | Reached XP level 2. HP: 25/25 MP: 1/1
   301 | D:1      | Found a faded altar of an unknown god.
   603 | D:1      | Reached XP level 3. HP: 24/31 MP: 2/2
   695 | D:1      | Reached skill level 5 in Ranged Weapons
   861 | D:2      | Noticed Natasha
   864 | D:2      | Killed Natasha
   994 | D:2      | Noticed Robin
  1000 | D:2      | Reached XP level 4. HP: 35/40 MP: 3/3
  1011 | D:2      | Killed Robin
  1011 | D:2      | Slain by a worm

Illustrated notes

Levels and vault maps discovered:
D:1:      lemuel_arrival_cross, layout_loops_ring, serial_glass,
          glass_columns_b, glass_columns_a, chequers_ecumenical_altar_grove
D:2:      layout_basic, uniq_robin, uniq_natasha

Skill      XL: |  1  2  3 |
---------------+----------+-----
Fighting       | 3 4 |  4.1
Ranged Weapons | 5 |  5.4
Dodging        | |  2.1
Stealth        | |  0.7

Action                   |  1- 3 |  4- 6 || total
-------------------------+-------+-------++-------
 Fire: Shortbow          |    96 |    12 ||   108
Armor: Leather armour    |    10 |     4 ||    14
Dodge: Dodged            |    30 |     7 ||    37
